 Dungeon Crawl Stone Soup version 0.24.0-1-gfbc8707122 (webtiles) character file.

Game seed: 8177538760410062750, levelgen mode: deterministic

21 Fingolfin the Firebug (level 3, -1/23 HPs)
             Began as a Halfling Fire Elementalist on Oct 26, 2019.
             Slain by a quokka (2 damage)
             ... on level 2 of the Dungeon.
             The game lasted 00:05:05 (1483 turns).

Fingolfin the Firebug (Halfling Fire Elementalist)  Turns: 1483, Time: 00:05:05

Health: -1/23      AC:  2    Str: 10    XL:     3   Next: 2%
Magic:  5/5        EV: 15    Int: 13    God:
Gold:   55         SH:  0    Dex: 14    Spells: 4/5 levels left

rFire    . . .     SeeInvis .   b - -3 hunting sling (curse)
rCold    . . .     Gourm    .   (shield restricted)
rNeg     . . .     Faith    .   d - +0 robe
rPois    .         Spirit   .   (no helmet)
rElec    .         Reflect  .   (no cloak)
rCorr    .         Harm     .   (no gloves)
MR       .....                  (no boots)
Stlth    ++........             (no amulet)
HPRegen  0.07/turn              (no ring)
MPRegen  0.09/turn              (no ring)

@: no status effects
A: small, mutation resistance 1
a: no special abilities


You were on level 2 of the Dungeon.
You were not hungry.

You visited 1 branch of the dungeon, and saw 2 of its levels.

You collected 55 gold pieces.

Inventory:

Hand Weapons
 a - a +0 hand axe
 b - a cursed -3 hunting sling (weapon)
 l - a +0 short sword
Armour
 d - a +0 robe (worn)
 f - a +0 large shield
Scrolls
 g - a scroll of teleportation
Potions
 e - a potion of haste {unknown}
 i - 2 potions of flight {unknown}
 j - a potion of agility {unknown}
 k - a potion of lignification {unknown}
Comestibles
 c - 4 rations


   Skills:
 - Level 1.1 Fighting
 + Level 2.0 Slings
 - Level 2.1 Dodging
 - Level 2.1 Stealth
 - Level 1.7 Spellcasting
 - Level 0.9 Conjurations
 - Level 3.0 Fire Magic


You had 4 spell levels left.
You knew the following spells:

 Your Spells              Type           Power        Failure   Level  Hunger
a - Flame Tongue          Conj/Fire      #....        12%         1    ##.....

Your spell library contained the following spells:

 Spells                   Type           Power        Failure   Level  Hunger
 Throw Flame              Conj/Fire      #.....       19%         2    ###....
 Conjure Flame            Conj/Fire      #.......     34%         3    ####...
 Inner Flame              Hex/Fire       #.......     38%         3    ####...
 Sticky Flame             Conj/Fire      #.......     75%         4    #####..
 Fireball                 Conj/Fire      #.........   97%         5    ######.


Dungeon Overview and Level Annotations

Branches:
Dungeon (2/15)

Altars:


Innate Abilities, Weirdness & Mutations

You are small and have problems with some larger weapons.
You are somewhat resistant to further mutation.


Message History

The quokka completely misses you.
You miss the quokka.
The quokka is severely wounded.
The quokka bites you. The quokka completely misses you.
You clumsily bash the quokka but do no damage.
The quokka is severely wounded.
The quokka barely misses you. x2
You completely miss the quokka.
The quokka is heavily wounded.
The quokka bites you.
* * * LOW HITPOINT WARNING * * *
The quokka bites you.
* * * LOW HITPOINT WARNING * * *
You barely miss the quokka.
The quokka is heavily wounded.
The quokka closely misses you. The quokka bites you.
* * * LOW HITPOINT WARNING * * *
There is a stone staircase leading up here.
The quokka bites you.
You die...

###
##@#######
#.#r.....#
##.#####.#
#(# .s.
##.## #(#
... ...


You could see a quokka.

Vanquished Creatures
  5 bats (D:1)
  2 giant cockroaches (D:1)
  A goblin (D:1)
  4 hobgoblins (D:1)
  2 jackals (D:2)
  A frilled lizard (D:1)
  3 rats (D:1)
18 creatures vanquished.

Notes
Turn   | Place    | Note
-------+----------+-------------------------------------------
     0 | D:1      | Fingolfin the Halfling Fire Elementalist began the quest
                  | for the Orb.
     0 | D:1      | Reached XP level 1. HP: 11/11 MP: 3/3
    15 | D:1      | Noticed a minotaur zombie
    19 | D:1      | Noticed a minotaur zombie
   485 | D:1      | Reached XP level 2. HP: 18/18 MP: 4/4
   517 | D:1      | Reached skill level 1 in Fighting
  1002 | D:1      | Reached skill level 1 in Slings
  1463 | D:2      | Reached XP level 3. HP: 19/23 MP: 5/5
  1480 | D:2      | HP: 1/23 [quokka (1)]
  1483 | D:2      | Slain by a quokka

Levels and vault maps discovered:
D:1:      shiori_arrival_whats_in_store_for_you, layout_basic
D:2:      layout_loops_ring, first_ration, nicolae_qazlal_eye_of_the_storm

Skill      XL: |  1  2 |
---------------+-------+-----
Fighting       | 1 |  1.1
Slings         | 2 |  2.0
Dodging        | |  2.1
Stealth        | |  2.1
Spellcasting   | |  1.7
Conjurations   | |  0.9
Fire Magic     | |  3.0

Action                   || total
-------------------------++-------
Melee: Hunting sling     ||    37
 Fire: Hunting sling     ||    73
 Cast: Flame Tongue      ||     6
  Use: Scroll            ||     1
  Eat: Chunk             ||     2
Armor: Robe              ||    17
Dodge: Dodged            ||    96
